 Dungeon Crawl Stone Soup version 0.30.0-15-g856e2d3f33 (webtiles) character file.

Game seed: 7576929078537558349

7028 oldmanjim the Skirmisher (level 10, -14/86 HPs)
             Began as a Minotaur Hunter on May 18, 2023.
             Was a Believer of Okawaru.
             Demolished by a death yak (20 damage)
             ... in an ice cave.
             The game lasted 00:52:23 (10435 turns).

oldmanjim the Skirmisher (Minotaur Hunter)         Turns: 10435, Time: 00:52:23

Health: -14/86     AC: 11    Str: 16    XL:     10   Next: 82%
Magic:  12/12      EV: 15    Int:  6    God:    Okawaru [**....]
Gold:   66         SH:  0    Dex: 18    Spells: 9/9 levels left

rFire   x . .        a - +0 arbalest
rCold   + . .        (shield currently unavailable)
rNeg    . . .        c - +0 leather armour
rPois   .            (helmet restricted)
rElec   .            d - +1 cloak
rCorr   .            u - +0 pair of gloves {Stlth+}
SInv    .            (no boots)
Will    .....        (no amulet)
Stlth   +++          J - +4 ring of protection
HPRegen 0.34/turn    f - ring of ice
MPRegen 0.13/turn

%: no passive effects
@: no status effects
A: horns 2, retaliatory headbutt
a: Renounce Religion, Heroism


You were in an ice cave.
You worshipped Okawaru.
Okawaru was pleased with you.
You visited 2 branches of the dungeon, and saw 12 of its levels.
You also visited: Sewer and Ice Cave.

You collected 430 gold pieces.
You spent 364 gold pieces at shops.

Inventory:

Hand Weapons
 a - a +0 arbalest (weapon)
 b - the +8 whip of Risk Management {flame, Fly rPois MP+9 Dex-5}
   (You found it on level 3 of the Dungeon)

   Dex:       It affects your dexterity (-5).
   rPois:     It protects you from poison.
   MP:        It affects your magic capacity (+9).
   Fly:       It grants you flight.
 p - a +1 shortbow
 G - a +3 great sword of freezing
Missiles
 e - 64 stones
 m - 17 poisoned darts
 w - 2 curare-tipped darts
 A - 6 datura-tipped darts
Armour
 c - a +0 leather armour (worn)
 d - a +1 cloak (worn)
 u - a +0 pair of gloves of stealth (worn)
Jewellery
 f - a ring of ice (right hand)
 k - a ring of poison resistance
 r - a ring of positive energy
 B - a ring of magical power
 J - a +4 ring of protection (left hand)
 N - a +4 ring of protection
Wands
 n - a wand of polymorph (7)
 K - a wand of flame (6)
 O - a wand of iceblast (6)
Scrolls
 h - a scroll of fog {unknown}
 l - a scroll of enchant weapon
 o - 2 scrolls of blinking
 t - 2 scrolls of immolation
 y - 5 scrolls of teleportation
 C - a scroll of identify
 F - a scroll of amnesia
 H - a scroll of butterflies {unknown}
 L - a scroll of brand weapon {unknown}
 M - a scroll of magic mapping
Potions
 g - 2 potions of lignification
 i - 2 potions of mutation
 j - 2 potions of resistance
 q - 2 potions of brilliance
 s - 2 potions of curing
 v - a potion of invisibility {unknown}
 x - 2 potions of magic
 z - 2 potions of haste
 D - a potion of attraction
 E - a potion of heal wounds
 I - a potion of berserk rage {unknown}


   Skills:
 - Level 7.0 Fighting
 + Level 3.3 Long Blades
 - Level 7.0 Maces & Flails
 + Level 12.6 Ranged Weapons
 - Level 5.0 Armour
 - Level 7.0 Dodging
 - Level 1.7 Stealth
 - Level 5.0 Invocations


You had 9 spell levels left.
You didn't know any spells.
Your spell library contained the following spells:

 Spells                   Type           Power      Damage    Failure   Level
 Kiss of Death            Conj/Necr      0%         2d5       52%         1
 Confusing Touch          Hex            0%         N/A       87%         3
 Dispel Undead            Necr           0%         3d6       99%         4
 Passage of Golubria      Tloc           0%         N/A       99%         4
 Yara's Violent Unravell  Hex/Tmut       0%         3d3       100%        5
 Tukima's Dance           Hex            Unusable   N/A       N/A         3

Dungeon Overview and Level Annotations

Branches:
Dungeon (12/15)            Temple (1/1) D:7            Lair (0/5) D:11
  Sewer (visited)           IceCv (1/1)
    Orc: D:9-12

Altars:
Ashenzari
Cheibriados
Dithmenos
Elyvilon
Fedhas
Gozag
Hepliaklqana
Kikubaaqudgha
Makhleb
Nemelex Xobeh
Okawaru
Qazlal
Ru
Sif Muna
Trog
Uskayaw
Vehumet
Wu Jian
Xom
Yredelemnul
Zin
The Shining One

Shops:
D:2 =   D:6 !   D:7 [   D:11 *

Annotations:
D:11 Amaemon


Innate Abilities, Weirdness & Mutations

You have a pair of horns on your head.
You reflexively headbutt those who attack you in melee.


Message History

A death yak comes into view.
You shoot a bolt. The bolt hits the death yak!!
The death yak is heavily wounded.
You hear a bellow!
The death yak gores you!!
You shoot a bolt. The bolt barely misses the death yak.
A death yak comes into view.
The death yak barely misses you.
You shoot a bolt. The bolt hits the death yak!
The death yak is severely wounded.
You hear a bellow!
A yak comes into view.
The death yak gores you but does no damage.
You shoot a bolt. The bolt hits the death yak!
The death yak is almost dead.
The death yak barely misses you.
A yak comes into view.
The death yak barely misses you. You furiously retaliate!
You headbutt the death yak. The death yak gores you!
The death yak attacks as you move away! The death yak closely misses you.
You shoot a bolt. The bolt barely misses the death yak.
The bolt hits the death yak but does no damage.
The death yak gores you. The death yak attacks as you move away!
The death yak gores you but does no damage.
The death yak attacks as you move away! The death yak gores you!
The death yak attacks as you move away!
The death yak gores you but does no damage.
The death yak attacks as you move away! The death yak misses you.
The death yak attacks as you move away! The death yak gores you.
The yak snorts and paws the ground.
The death yak attacks as you move away! The death yak misses you.
The death yak attacks as you move away! The death yak gores you!
* * * LOW HITPOINT WARNING * * *
The death yak attacks as you move away! The death yak gores you!
* * * LOW HITPOINT WARNING * * *
You see here a wolf skeleton.
The death yak attacks as you move away! The death yak gores you!!
You die...

##### ##...###
#....Y.##
#..##.Y.##
#÷÷Y##...###
##.Y####Y..##
#..Y####...#
#..Y.# #..## #
#∩.@####..# .#
##..∩##.Y###
..#
#####.....#..#
##.#..Y.#
########


You could see 3 death yaks and a yak.

Vanquished Creatures
  2 two-headed ogres (D:8)
  Pikel (D:7)
  2 ice devils (D:11)
  A troll (D:11)
  A polar bear (IceCv)
  A hornet (D:7)
  A yak (IceCv)
  2 wyverns
  A steam dragon (D:8)
  4 water moccasins
  A black bear (D:6)
  2 orc warriors
  An ice beast (D:6)
  A wolf (IceCv)
  A centaur (D:8)
  3 ogres
  A lemure (D:7)
  3 kobold brigands
  2 phantoms
  A gnoll sergeant (D:5)
  4 bullfrogs
  6 scorpions
  5 wights (D:7)
  5 killer bees (D:8)
  3 electric eels (D:8)
  6 hounds
  2 jellies
  4 orc priests
  A gnoll bouda (D:5)
  A sleepcap (D:5)
  6 iguanas
  4 orc wizards
  5 gnolls
  9 adders
  A river rat (Sewer)
  3 shadow imps
  A white imp (D:5)
  2 ufetubi (D:5)
  A worm (D:2)
  3 dart slugs
  21 orcs
  5 bats
  3 endoplasms
  2 giant cockroaches
  7 hobgoblins
  19 jackals
  7 kobolds
  2 quokkas
  5 ball pythons
  4 frilled lizards
  7 goblins
  4 rats
190 creatures vanquished.

Notes
Turn   | Place    | Note
-------+----------+-------------------------------------------
     0 | D:1      | oldmanjim the Minotaur Hunter began the quest for the Orb.
     0 | D:1      | Reached XP level 1. HP: 18/18 MP: 0/0
   134 | D:1      | Reached skill level 1 in Stealth
   307 | D:1      | Reached XP level 2. HP: 25/25 MP: 1/1
   429 | D:1      | Found a faded altar of an unknown god.
  1025 | D:2      | Reached XP level 3. HP: 30/31 MP: 2/2
  1127 | D:2      | Found Keckiul's Jewellery Shop.
  1617 | D:3      | Identified the +8 whip of Risk Management {flame, Fly rPois
                  | MP+9 Dex-5}
  2034 | D:3      | Found a white marble altar of Elyvilon.
  2239 | D:4      | Reached XP level 4. HP: 38/38 MP: 1/3
  2285 | D:4      | Found a bloodstained altar of Trog.
  2321 | D:4      | Found a glowing drain.
  2330 | Sewer    | Entered a sewer
  2367 | Sewer    | Reached skill level 5 in Ranged Weapons
  2425 | Sewer    | Reached skill level 1 in Maces & Flails
  2512 | Sewer    | Noticed a kobold brigand
  2553 | Sewer    | Killed a kobold brigand
  2554 | Sewer    | Reached XP level 5. HP: 42/47 MP: 4/4
  2744 | Sewer    | Reached XP level 6. HP: 29/55 MP: 5/5
  3191 | D:4      | Reached skill level 5 in Fighting
  3506 | D:4      | Reached skill level 6 in Ranged Weapons
  3506 | D:4      | Reached XP level 7. HP: 57/61 MP: 6/6
  3651 | D:5      | Entered Level 5 of the Dungeon
  3683 | D:5      | Reached skill level 5 in Dodging
  3828 | D:5      | Noticed Sigmund
  3846 | D:5      | Reached skill level 5 in Maces & Flails
  3851 | D:4      | Reached skill level 7 in Ranged Weapons
  4113 | D:5      | Found a shimmering altar of Xom.
  4233 | D:5      | Reached XP level 8. HP: 61/68 MP: 6/7
  4448 | D:5      | Reached skill level 8 in Ranged Weapons
  4929 | D:5      | Reached skill level 9 in Ranged Weapons
  5102 | D:5      | Sigmund changed into Sigmund the goblin
  5102 | D:5      | Noticed Sigmund
  5106 | D:5      | Killed Sigmund the goblin
  5739 | D:6      | Found Zoxkyuq's Distillery.
  5750 | D:6      | Bought a potion of haste for 120 gold pieces
  5750 | D:6      | Bought a potion of heal wounds for 60 gold pieces
  5750 | D:6      | Bought a potion of curing for 36 gold pieces
  5801 | D:6      | Reached skill level 10 in Ranged Weapons
  5820 | D:6      | Reached skill level 1 in Armour
  5941 | D:6      | Reached XP level 9. HP: 45/74 MP: 8/8
  6712 | D:6      | Bought a potion of attraction for 36 gold pieces
  6765 | D:7      | Noticed Pikel
  6788 | D:7      | Killed Pikel
  7194 | D:7      | Reached skill level 11 in Ranged Weapons
  7315 | D:7      | Found a staircase to the Ecumenical Temple.
  7324 | Temple   | Entered the Ecumenical Temple
  7502 | Temple   | Became a worshipper of Warmaster Okawaru
  7569 | D:7      | Reached skill level 5 in Armour
  7696 | D:7      | Found Liloa's Antique Armour Emporium.
  8353 | D:8      | Reached skill level 1 in Invocations
  8376 | D:8      | Reached XP level 10. HP: 60/86 MP: 2/10
  8431 | D:8      | Noticed a two-headed ogre
  8438 | D:8      | Killed a two-headed ogre
  8438 | D:8      | Reached * piety under Okawaru
  8625 | D:8      | Noticed a two-headed ogre
  8671 | D:8      | Found a sparkling altar of Nemelex Xobeh.
  9261 | D:8      | Killed a two-headed ogre
  9262 | D:8      | Reached skill level 12 in Ranged Weapons
  9615 | D:8      | Reached ** piety under Okawaru
  9794 | D:9      | You fall into a shaft and drop 3 floors!
  9828 | D:11     | Reached skill level 1 in Long Blades
  9875 | D:11     | Found Jaoptuvo's General Store.
  9903 | D:11     | Bought a scroll of magic mapping for 112 gold pieces
  9967 | D:11     | Noticed Amaemon
  9967 | D:11     | Noticed an orange demon
  9972 | D:11     | Found a frozen archway.
 10185 | IceCv    | Entered an ice cave
 10213 | IceCv    | Reached skill level 5 in Invocations
 10408 | IceCv    | Noticed a death yak
 10412 | IceCv    | Noticed a death yak
 10414 | IceCv    | Noticed a death yak
 10430 | IceCv    | HP: 4/86 [death yak (15)]
 10435 | IceCv    | Demolished by a death yak

Illustrated notes

Levels and vault maps discovered:
D:1:      amcnicky_arrival_double_pillar, layout_basic,
          chequers_ecumenical_altar_simple_redux
D:2:      layout_basic, serial_shops, nicolae_shop_back_alley_shop
D:3:      layout_loops_ring, elyvilon_altar_3, kennysheep_cross_room
D:4:      layout_gridville, mainiacjoe_overflow_surrounded_room,
          portal_sewer_entry_d
D:5:      cheibrodos_fzero, layout_loops_ring, lemuel_doored_altar, uniq_sigmund
D:6:      layout_gridville, serial_shops, shop, kennysheep_generic_room_11
D:7:      layout_basic, minmay_temple_entry_sparse_star, serial_shops,
          kennysheep_mini, uniq_pikel
D:8:      layout_basic, amcnicky_altar_gilded, corexii_checkpoint_b,
          serial_bayou_ford_a
D:9:      layout_basic, orc_david_3
D:11:     layout_roguey, dpeg_oklobed_lair, serial_shops, shop,
          portal_ice_cave_demonic_guard, okawaru_metal_pillars_1_2, uniq_lodul,
          uniq_amaemon
D:12:     layout_roguey, uniq_fannar
Temple:   nicolae_temple_bog_church
IceCv:    ice_cave_caverns_03

Skill      XL: |  1  2  3  4  5  6  7  8  9 10 |
---------------+-------------------------------+-----
Stealth        | 1 |  1.7
Fighting       | 3 4 5 7 |  7.0
Dodging        | 3 4 5 7 |  7.0
Ranged Weapons | 5 6 7 10 11 12 | 12.6
Maces & Flails | 1 2 3 5 7 |  7.0
Armour         | 2 5 |  5.0
Invocations    | 1 5 |  5.0
Long Blades    | 3 |  3.3

Action                     |  1- 3 |  4- 6 |  7- 9 | 10-12 || total
---------------------------+-------+-------+-------+-------++-------
  Melee: Whip              |     3 |    49 |   163 |    59 ||   274
         Headbutt          |       |     8 |    26 |    17 ||    51
         Punch             |       |     1 |     4 |     3 ||     8
   Fire: Shortbow          |    80 |    42 |   185 |    75 ||   382
         Arbalest          |       |       |       |     8 ||     8
  Throw: Dart              |       |       |     2 |     1 ||     3
  Evoke: Wand              |       |       |     1 |       ||     1
    Use: Scroll            |       |       |    12 |     2 ||    14
 Armour: Leather armour    |     5 |     8 |    42 |    33 ||    88
  Dodge: Dodged            |    26 |    25 |   116 |    72 ||   239
